 Dungeon Crawl Stone Soup version 0.28-a0-794-gafe8c5f9e9 (webtiles) character file.

Game seed: 5511020441632161223

3613 Zenkrye the Skirmisher (level 9, -12/78 (80) HPs)
             Began as a Palentonga Hedge Wizard on Nov 5, 2021.
             Was a Believer of Ashenzari.
             Mangled by a two-headed ogre (20 damage)
             ... on level 9 of the Dungeon.
             The game lasted 00:49:16 (15618 turns).

Zenkrye the Skirmisher (Palentonga Hedge Wizard)   Turns: 15618, Time: 00:49:17

HP:   -12/78 (80)   AC: 15    Str: 15    XL:     9   Next: 86%
MP:   14/15         EV:  9    Int: 17    God:    Ashenzari [**....]
Gold: 1329          SH:  0    Dex:  9    Spells: 3/16 levels left

rFire   . . .      SeeInvis +   E - +5 morningstar
rCold   . . .      Faith    .   (no shield)
rNeg    . . .      Spirit   .   o - +0 leather armour
rPois   .          Reflect  .   G - +1 helmet of the Esoteric Mistrust {Self, Fort} (curse)
rElec   .          Harm     .   (no cloak)
rCorr   .          Rampage  .   l - +0 pair of gloves "Share My Sorrow" {Fort, Melee} (curse)
Will    +....                   (no barding)
Stlth   +.........              (no amulet)
HPRegen 0.23/turn               M - ring "Bound Visionary" {Will+, Bglg, Alch} (curse)
MPRegen 0.14/turn               (no ring)

@: lightly drained, curled up
A: large, rugged brown scales 3, see invisible, deformed body, roll 1, armoured
tail, reflexive curl
a: Rolling Charge, Renounce Religion, Curse Item, Shatter the Chains


You were on level 9 of the Dungeon.
You worshipped Ashenzari.
Ashenzari was pleased with you.
You visited 1 branch of the dungeon, and saw 9 of its levels.

You collected 1329 gold pieces.

Inventory:

Hand Weapons
 i - a +0 rapier
 n - a +1 short sword
 r - a +1 long sword of protection
 B - a +1 dagger of draining
 E - a +5 morningstar (weapon)
 H - a +3 falchion
 I - a +4 flail
Missiles
 j - 67 bolts
 y - 20 sling bullets
 K - 2 datura-tipped darts (quivered)
Armour
 b - a +0 robe
 d - a +0 plate armour
 f - a +0 ring mail
 h - a +0 kite shield
 l - the cursed +0 pair of gloves "Share My Sorrow" (worn) {Fort, Melee}
   (You found it on level 3 of the Dungeon)

   It has a curse which improves the following skills: Fortitude: Armour and
   Shields.
   Melee Combat: Short Blades, Long Blades, Axes, Maces & Flails, Polearms,
   Staves and Unarmed Combat.
 m - a +0 scale mail
 o - a +0 leather armour (worn)
 G - the cursed +1 helmet of the Esoteric Mistrust (worn) {Self, Fort}
   (You found it on level 6 of the Dungeon)

   It has a curse which improves the following skills: Introspection: Fighting
   and Spellcasting.
   Fortitude: Armour and Shields.
Magical Staves
 O - a staff of conjuration
Jewellery
 c - a ring of ice
 D - a ring of ice
 M - the cursed ring "Bound Visionary" (left hand) {Will+, Bglg, Alch}
   (You took it off an orc priest on level 7 of the Dungeon)

   [ring of willpower]

   Will:      It increases your willpower.
   It has a curse which improves the following skills: Beguiling: Conjurations,
   Hexes and Translocations.
   Alchemy:   Poison Magic and Transmutations.
Wands
 q - a wand of flame (22)
 w - a wand of paralysis (16)
 z - a wand of charming (9)
 J - a wand of polymorph (14)
 P - a wand of mindburst (11)
Scrolls
 t - a scroll of immolation
 N - a scroll of silence
 R - a scroll of summoning
 T - a scroll of teleportation {@r3}
Potions
 e - 2 potions of cancellation
 g - 2 potions of lignification
 k - 5 potions of mutation
 p - 3 potions of curing {@q1}
 s - a potion of berserk rage
 u - 3 potions of invisibility
 v - a potion of heal wounds {@q2}
 A - a potion of magic
 C - a potion of ambrosia
 F - a potion of brilliance
 L - 3 potions of flight
 Q - a potion of haste {@q3}
 S - a potion of might {@q4}
Miscellaneous
 x - a piece from Xom's chessboard (15/15)


   Skills:
 + Level 6.9(8.4) Fighting
 + Level 5.1(6.6) Maces & Flails
 - Level 3.5(5.6) Armour
 - Level 1.5 Dodging
 - Level 1.2 Stealth
 - Level 3.5(5.6) Shields
 - Level 3.0(4.2) Spellcasting
 - Level 5.0(6.4) Conjurations
 + Level 3.4(4.7) Hexes
 - Level 0.7 Summonings
 - Level 3.0(4.2) Translocations
 - Level 2.0 Air Magic
 - Level 2.0(3.1) Poison Magic
 - Level 3.0 Evocations


You had 3 spell levels left.
You knew the following spells:

 Your Spells              Type           Power      Damage    Failure   Level
a - Magic Dart            Conj           100%       1d8       1%          1
b - Blink                 Tloc           36%        N/A       4%          2
c - Slow                  Hex            76%        N/A       2%          1
d - Mephitic Cloud        Conj/Pois/Air  16%        N/A       11%         3
e - Conjure Flame         Conj/Fire      14%        6-21      14%         3
f - Confusing Touch       Hex            19%        N/A       8%          3

Your spell library contained the following spells:

 Spells                   Type           Power      Damage    Failure   Level
 Dazzling Flash           Conj/Hex       44%        N/A       5%          3
 Animate Skeleton         Necr           6%         N/A       19%         1
 Pain                     Necr           12%        1d4       19%         1
 Call Imp                 Summ           6%         N/A       21%         2
 Vampiric Draining        Necr           3%         2d6       50%         3
 Silence                  Hex/Air        7%         N/A       77%         5
 Yara's Violent Unravell  Hex/Tmut       6%         3d5       88%         5
 Agony                    Necr           3%         N/A       99%         5


Dungeon Overview and Level Annotations

Branches:
Dungeon (9/15)             Temple (0/1) D:4
   Lair: D:8-11         Orc: D:9-12

Altars:
Ashenzari
Cheibriados
Gozag
Nemelex Xobeh
Okawaru
Vehumet
Wu Jian
Yredelemnul
Beogh

Annotations:
D:9 Erolcha


Innate Abilities, Weirdness & Mutations

You are completely covered in rugged brown scales. (AC +3, +7% HP)
You have supernaturally acute eyesight. (SInv)
Armour fits poorly on your strangely shaped body.
You can roll at nearby foes to attack.
You have a long armoured tail.
You curl defensively after being hit. (AC +7*)


Message History

Casting: Confusing Touch (dangerous; 8% risk of failure)
Confirm with . or Enter, or press ? or * to list all spells.
Your hands begin to glow red.
The two-headed ogre hits you with a +0 dire flail!
The two-headed ogre hits you with a +0 giant club.
You hit the two-headed ogre but do no damage.
The two-headed ogre barely misses you.
The two-headed ogre completely misses you.
You hit the two-headed ogre but do no damage.
The two-headed ogre barely misses you.
The two-headed ogre hits you with a +0 giant club!
You hit the two-headed ogre but do no damage.
The two-headed ogre appears confused.
Your tail-slap misses the two-headed ogre.
You strike the helpless two-headed ogre from behind!
You puncture the two-headed ogre!
The two-headed ogre is moderately wounded.
You hit the two-headed ogre.
The two-headed ogre is moderately wounded.
The two-headed ogre ponders the situation.
The two-headed ogre barely misses you.
The two-headed ogre hits you with a +0 giant club!
You hit the two-headed ogre.
The two-headed ogre is heavily wounded.
The two-headed ogre hits you with a +0 dire flail.
The two-headed ogre hits you with a +0 giant club!
You sock the two-headed ogre!
The two-headed ogre is severely wounded.
The two-headed ogre hits you with a +0 dire flail!
* * * LOW HITPOINT WARNING * * *
The two-headed ogre misses you.
You hit the two-headed ogre.
The two-headed ogre is severely wounded.
You hit the two-headed ogre.
The two-headed ogre is severely wounded.
You thump the two-headed ogre!
The two-headed ogre is almost dead.
The two-headed ogre looks very confused.
The two-headed ogre hits you with a +0 dire flail!!
You die...

#.#>#......... **
#.#)#.######..
*#.#O#.# , ,, * ,,,
*,#.#÷# ** ** , * *
,* #.#.# ,, ,** # *
,#.#.######### ** .
,* #.#.......... #
*#######.#..########
* *#.......#...O@.<#
##*##.#######.######
≈####.# #.....#
≈.)..O# #.#####
.########.# ## #...#
# ###.### # #...#
#####.###


You could see a two-headed ogre (confused).

Vanquished Creatures
  A wyvern (D:8)
  Menkaure (D:6)
  2 water moccasins
  An ice beast (D:6)
  A sky beast (D:7)
  2 black bears
  3 ogres
  A necrophage (D:8)
  A centaur (D:8)
  A phantom (D:5)
  3 kobold brigands
  A bullfrog (D:9)
  A wyvern zombie (D:8)
  A gnoll sergeant (D:9)
  3 scorpions
  A water moccasin zombie (D:5)
  A water moccasin skeleton (D:4)
  3 killer bees (D:9)
  12 wights
  A bullfrog zombie (D:5)
  3 centaur skeletons
  A centaur zombie (D:8)
  2 jellies
  5 orc priests
  A bullfrog skeleton (D:7)
  A hound (D:6)
  Jessica (D:3)
  Ijyb (D:5)
  4 iguanas
  2 orc wizards
  A killer bee zombie (D:8)
  A hound zombie (D:5)
  13 gnolls
  A howler monkey skeleton (D:4)
  8 adders
  An adder skeleton (D:4)
  2 worms
  2 dart slugs
  23 orcs
  3 ball pythons
  6 endoplasms
  3 giant cockroaches
  13 goblins
  7 hobgoblins
  20 kobolds
  2 quokkas
  6 bats
  6 frilled lizards
  3 rats
183 creatures vanquished.

Vanquished Creatures (others)
  A white imp (D:5)
  A kobold (D:7)
  8 fungi (D:9)
  13 plants (D:9)
  16 toadstools (D:9)
39 creatures vanquished.

Grand Total: 222 creatures vanquished

Notes
Turn   | Place    | Note
-------+----------+-------------------------------------------
     0 | D:1      | Zenkrye the Palentonga Hedge Wizard began the quest for the
                  | Orb.
     0 | D:1      | Reached XP level 1. HP: 13/13 MP: 4/4
    45 | D:1      | Reached skill level 1 in Conjurations
   497 | D:1      | Reached XP level 2. HP: 18/20 MP: 0/6
   661 | D:1      | Learned a level 2 spell: Blink
  1275 | D:2      | HP: 1/20 [worm (3)]
  1911 | D:2      | Reached XP level 3. HP: 17/25 MP: 2/7
  2511 | D:2      | Found a broken altar of Ashenzari.
  2519 | D:2      | Became a worshipper of Ashenzari the Shackled
  2999 | D:3      | Noticed Jessica
  3062 | D:3      | Reached XP level 4. HP: 32/32 MP: 4/8
  3802 | D:2      | Identified a scroll of acquirement
  3802 | D:2      | Acquired 960 gold pieces
  4065 | D:2      | Reached skill level 1 in Fighting
  4144 | D:2      | Reached XP level 5. HP: 19/39 MP: 6/9
  4326 | D:3      | Killed Jessica
  4633 | D:3      | Reached skill level 2 in Fighting
  5127 | D:4      | Reached XP level 6. HP: 49/49 MP: 5/10
  5421 | D:4      | Reached skill level 5 in Conjurations
  5491 | D:4      | Reached skill level 3 in Fighting
  5549 | D:4      | Found a staircase to the Ecumenical Temple.
  5793 | D:5      | Entered Level 5 of the Dungeon
  5867 | D:5      | Reached skill level 1 in Armour
  5867 | D:5      | Reached skill level 1 in Shields
  5968 | D:5      | Noticed Ijyb
  5984 | D:5      | Killed Ijyb
  6035 | D:5      | Gained mutation: You curl defensively after being hit. (AC
                  | +7*) [Palentonga growth]
  6035 | D:5      | Reached XP level 7. HP: 10/56 MP: 11/11
  6325 | D:5      | Learned a level 3 spell: Mephitic Cloud
  6327 | D:5      | Learned a level 1 spell: Slow
  6331 | D:5      | Learned a level 3 spell: Conjure Flame
  6398 | D:5      | Reached skill level 4 in Fighting
  8697 | D:5      | HP: 2/52 [wight (10)]
  9042 | D:6      | Reached XP level 8. HP: 53/61 MP: 12/12
  9293 | D:6      | Found an iron altar of Okawaru.
  9360 | D:5      | Reached skill level 1 in Air Magic
  9700 | D:6      | Reached skill level 1 in Poison Magic
  9779 | D:6      | Noticed Menkaure
  9788 | D:6      | Killed Menkaure
  9789 | D:6      | Reached skill level 1 in Maces & Flails
 10208 | D:6      | Reached skill level 1 in Hexes
 10208 | D:6      | Reached skill level 1 in Evocations
 10550 | D:6      | Reached skill level 5 in Fighting
 11174 | D:7      | HP: 3/66 [ogre (13)]
 11519 | D:6      | Reached * piety under Ashenzari
 11827 | D:7      | Reached XP level 9. HP: 58/73 MP: 14/14
 11831 | D:7      | Learned a level 3 spell: Confusing Touch
 12732 | D:8      | Found a radiant altar of Vehumet.
 12739 | D:8      | Found a sparkling altar of Nemelex Xobeh.
 13095 | D:8      | Reached ** piety under Ashenzari
 13543 | D:8      | Found a snail-covered altar of Cheibriados.
 13543 | D:8      | Found an ornate altar of the Wu Jian Council.
 13543 | D:8      | Found an opulent altar of Gozag.
 13546 | D:8      | Found a basalt altar of Yredelemnul.
 13657 | D:7      | Reached skill level 6 in Fighting
 14550 | D:9      | Noticed Erolcha
 14550 | D:9      | Noticed a two-headed ogre
 15266 | D:8      | Reached skill level 5 in Maces & Flails
 15618 | D:9      | Mangled by a two-headed ogre

Illustrated notes

Levels and vault maps discovered:
D:1:      dpeg_arrival_central, layout_basic, st_stairs_10,
          minmay_misc_feat_secret_circle
D:2:      layout_basic, basic_altar, minmay_3d_cube
D:3:      layout_rooms, uniq_jessica
D:4:      layout_cave_pools, minmay_temple_entry_glassed_door
D:5:      layout_basic, uniq_ijyb
D:6:      layout_basic, overflow_temple_1_default, grunt_ministairs_9,
          hellmonk_bongcloud_opening, uniq_menkaure
D:7:      layout_cave_pools, chequers_serial_rivers_small_a,
          minmay_misc_feat_pillars, david_defended_altar_orc
D:8:      layout_layer_cave, grunt_temple_overflow_open,
          mainiacjoe_overflow_large_starburst, enter_bailey_2
D:9:      layout_basic, tgw_fedhas, grunt_lair_entry_orc_guard_hut,
          ebering_ghost_disaster_area, serial_shops, shop,
          chequers_serial_rivers_marsh, uniq_erolcha

Skill      XL: |  1  2  3  4  5  6  7  8  9 |
---------------+----------------------------+-----
Conjurations   | 1 2 3 4 5 |  5.0
Fighting       | 1 2 3 4 5 6 |  6.9
Armour         | 1 2 3 |  3.5
Shields        | 1 2 3 |  3.5
Translocations | 2 3 |  3.0
Air Magic      | 2 |  2.0
Poison Magic   | 2 |  2.0
Maces & Flails | 2 5 |  5.1
Hexes          | 1 3 |  3.4
Evocations     | 1 3 |  3.0
Dodging        | |  1.5
Stealth        | |  1.2
Spellcasting   | |  3.0
Summonings     | |  0.7

Action                   |  1- 3 |  4- 6 |  7- 9 || total
-------------------------+-------+-------+-------++-------
Melee: Dagger            |    63 |       |     6 ||    69
       Tailslap          |     6 |    14 |    35 ||    55
       Short sword       |       |   117 |    93 ||   210
       Rapier            |       |       |    21 ||    21
       Morningstar       |       |       |   209 ||   209
       Long sword        |       |       |     2 ||     2
Throw: Dart              |       |       |     4 ||     4
 Cast: Magic Dart        |   101 |   123 |   171 ||   395
       Conjure Flame     |       |       |     8 ||     8
       Mephitic Cloud    |       |       |     9 ||     9
       Confusing Touch   |       |       |    10 ||    10
       Slow              |       |       |     1 ||     1
Invok: Curse Item        |       |     1 |     2 ||     3
 Abil: Rolling Charge    |       |       |     2 ||     2
Evoke: Wand              |       |     3 |    20 ||    23
       Piece from Xom's  |       |       |     3 ||     3
  Use: Scroll            |     3 |     7 |     6 ||    16
       Potion            |       |       |     2 ||     2
 Stab: Paralysed         |       |     7 |    10 ||    17
       Confused          |       |       |     7 ||     7
Armor: Robe              |    29 |    47 |    81 ||   157
       Leather armour    |       |       |    24 ||    24
Dodge: Dodged            |    28 |    63 |   177 ||   268

Table legend: (Time is in decaauts)
 A = Elapsed time spent in this place.
 B = Non-inter-level travel time spent in this place.
 C = Inter-level travel time spent in this place.
 D = Time resting spent in this place.
 E = Time spent auto-exploring this place.
 F = Levels seen in this place.
 G = Mean time per level.
                   A        B        C        D        E       F      G
               +--------+--------+--------+--------+--------+-----+--------+
         Total |  15743 |  14859 |    884 |   4393 |   7706 |   9 | 1749.2 |
       Dungeon |  15743 |  14859 |    884 |   4393 |   7706 |   9 | 1749.2 |
               +--------+--------+--------+--------+--------+-----+--------+

Top non-repeatable levels by time:
     D:5: 3196 daAuts
     D:8: 2524 daAuts
     D:6: 2182 daAuts
     D:1: 2012 daAuts
     D:2: 1937 daAuts
     D:7: 1568 daAuts
     D:3: 1079 daAuts
     D:4: 779 daAuts
     D:9: 460 daAuts
